 Dungeon Crawl Stone Soup version 0.17-a0-2055-gb4e23be (webtiles) character file.

185 radek the Conjurer (level 5, -4/28 HPs)
             Began as a Deep Elf Conjurer on Oct 11, 2015.
             Killed by divine providence
             ... invoked by an orc priest
              (11 damage)
             ... on level 4 of the Dungeon.
             The game lasted 00:30:25 (3374 turns).

radek the Conjurer (Deep Elf Conjurer)              Turns: 3374, Time: 00:30:25

Health: -4/28      AC:  2    Str:  5    XL:     5   Next: 37%
Magic:  5/13       EV: 13    Int: 21    God:
Gold:   180        SH:  0    Dex: 15    Spells: 4 memorised, 2 levels left

rFire  . . .     SeeInvis .     e - +0 dagger
rCold  . . .     Clarity  .     v - +0 robe (curse)
rNeg   . . .     SustAt   .     (no shield)
rPois  .         Gourm    .     (no helmet)
rElec  .         Spirit   .     (no cloak)
rCorr  .         Warding  .     (no gloves)
rMut   .         Stasis   .     (no boots)
MR     .....                    (no amulet)
Stlth  ++........               (no ring)
                                (no ring)

@: very slightly contaminated, not resistant to hostile enchantments, unstealthy
A: no striking features
a: no special abilities


You were on level 4 of the Dungeon.
You were hungry.

You visited 1 branch of the dungeon, and saw 4 of its levels.

You collected 180 gold pieces.

Inventory:

Hand Weapons
 e - a +0 dagger (weapon)
Missiles
 h - 57 arrows
 p - 2 javelins (quivered)
Armour
 a - a +0 robe
 v - a cursed +0 robe (worn)
Jewellery
 d - a cursed amulet of regeneration {unknown}
Scrolls
 g - 2 scrolls of enchant armour {unknown}
 i - 2 scrolls of recharging {unknown}
 j - 2 scrolls of remove curse {unknown}
 l - a scroll of teleportation {unknown}
 n - a scroll of magic mapping {unknown}
 o - a scroll of fog {unknown}
 q - 6 scrolls of identify {unknown}
 x - a scroll of random uselessness {unknown}
Potions
 f - a potion of ambrosia {unknown}
 m - 2 potions of curing {unknown}
 s - a potion of brilliance {unknown}
 t - a potion of poison {unknown}
Books
 b - a book of Conjurations

   Spells                             Type                      Level
   a - Magic Dart                     Conjuration                  1
   b - Searing Ray                    Conjuration                  2
   c - Dazzling Spray                 Conjuration/Hexes            3
   d - Fulminant Prism                Conjuration/Hexes            4
   e - Iskenderun's Mystic Blast      Conjuration                  4
   f - Iskenderun's Battlesphere      Conjuration/Charms           5
Comestibles
 c - 5 bread rations
 k - 3 fruits
 r - a meat ration
 u - 2 slices of pizza
 w - 2 chunks of flesh


   Skills:
 + Level 1.0 Throwing
 + Level 3.1 Dodging
 + Level 3.2 Stealth
 + Level 4.4 Spellcasting
 + Level 5.9 Conjurations
 + Level 1.3 Hexes


You had 2 spell levels left.
You knew the following spells:

 Your Spells              Type           Power        Failure   Level  Hunger
a - Magic Dart            Conj           ####         1%          1    None
b - Dazzling Spray        Conj/Hex       ###.....     10%         3    ##.....
c - Searing Ray           Conj           ####..       1%          2    #......
d - Fulminant Prism       Conj/Hex       ###.......   28%         4    ####...


Dungeon Overview and Level Annotations

Branches:
Dungeon (4/15)
 Temple: D:4-7

Altars:
The Shining One


Message History

You hear a shout! x4
Casting: Fulminant Prism
Confirm with . or Enter, or press ? or * to list all spells.
Aiming: Magic Dart
Press: ? - help, Shift-Dir - straight line, f - orc wizard
Aim: an orc wizard, wielding a dagger and wearing a robe The magic dart hits the orc wizard.
The orc wizard is lightly wounded.
The orc wizard hits you with a dagger. The adder bites you.
The orc priest invokes the aid of Beogh against you.
Something smites you! The adder bites you but does no damage.
The orc wizard points at you and mumbles some strange words.
The magic dart hits you!
* * * LOW HITPOINT WARNING * * *
A gnoll opens the door. 2 gnolls and a skeleton come into view.
The orc priest mumbles some strange prayers to Beogh against you.
Something smites you!
You die...

#.###'####+#
###.#.g.......
#..o)..g.^....
#.)o#o........ #..
#....Z.... +. #.........
# #.o.......
##+#S........
#+###..#@...#####
#...#..#....#
.....+...'..'....+
.....#####..#....#+##
#.....###'##........#
#.....+....#........+
+.....#....+........#
#.....#....#........#
##+#.....###'##........#


You could see an orc priest, an orc wizard, 2 gnolls, an adder and an adder
skeleton.

Vanquished Creatures
  Robin (D:3)
  6 adders
  A shadow imp (D:3)
  3 oozes
  3 giant geckos
  10 orcs
  3 giant cockroaches
  11 hobgoblins
  2 ball pythons
  5 bats
  2 giant newts (D:3)
  15 goblins
  7 jackals
  6 kobolds
  21 rats
  A fulminant prism (D:3)
97 creatures vanquished.

Vanquished Creatures (others)
  5 fulminant prisms
5 creatures vanquished.

Grand Total: 102 creatures vanquished

Notes
Turn   | Place    | Note
--------------------------------------------------------------
     0 | D:1      | radek the Deep Elf Conjurer began the quest for the Orb.
     0 | D:1      | Reached XP level 1. HP: 10/10 MP: 6/6
   290 | D:1      | Reached XP level 2. HP: 15/15 MP: 1/8
   410 | D:1      | Reached skill level 5 in Conjurations
   678 | D:1      | Reached XP level 3. HP: 19/19 MP: 4/9
  1145 | D:1      | Learned a level 3 spell: Dazzling Spray
  1148 | D:1      | Learned a level 2 spell: Searing Ray
  1459 | D:2      | Reached XP level 4. HP: 20/24 MP: 4/11
  1577 | D:2      | Learned a level 4 spell: Fulminant Prism
  1701 | D:2      | Found a glowing golden altar of the Shining One.
  2370 | D:3      | Noticed Robin
  2482 | D:3      | Reached skill level 1 in Throwing
  2545 | D:3      | Reached skill level 1 in Hexes
  2545 | D:3      | Reached XP level 5. HP: 28/28 MP: 4/13
  2944 | D:3      | Killed Robin
  3374 | D:4      | Killed from afar by an orc priest

Vault maps used:
D:1:      enne_arrival_octagon_isle, minmay_rat_gold_closets
D:2:      first_bread, nicolae_tso_swordbearing_angel
D:3:      uniq_robin

Action                   |  1- 3 |  4- 6 || total
-------------------------+-------+-------++-------
Melee: Dagger            |     8 |     1 ||     9
Throw: Javelin           |    13 |     2 ||    15
 Cast: Magic Dart        |    71 |    81 ||   152
       Dazzling Spray    |     4 |       ||     4
       Searing Ray       |     1 |     1 ||     2
       Fulminant Prism   |       |     6 ||     6
  Eat: Chunk             |     2 |     1 ||     3
       Meat ration       |       |     1 ||     1
